AoeStats
← AdoreIvy8841

Arabia

510010513Analyzed
1v1 RM · 4d ago on Sep 29, 2026· 24m 43s· 2 players
Game mode
Random Map
Map size
Tiny (2 player)
Population
200
Speed
Normal
Resources
Standard
Victory
Conquest
Starting age
Dark Age
Ending age
Imperial Age
RankedLock teamsTeams togetherTeam positionsShared explorationLock speedFull tech treeHidden civsTurbo modeCheats
Victory
Defeat
🇲🇽 Aztecs · Mexico
1165
+16
🇵🇹 Magyars · Portugal
1160
-16
Champy
8:00 Loom
10:13 Feudal Age
13:43 Double-Bit Axe
17:10 Horse Collar
22:41 Castle Age
21:44 Gold Mining
22:50 Bloodlines
22:32 Fletching
23:33 Husbandry
24:14 Padded Archer Armor
AdoreIvy8841
5:50 Loom
9:09 Feudal Age
9:29 Man-at-Arms
21:16 Castle Age
19:41 Double-Bit Axe
19:37 Horse Collar
19:49 Gold Mining
21:43 Scale Mail Armor
22:33 Wheelbarrow
21:27 Eagle Warrior
22:37 Squires
23:08 Chain Mail Armor
24:01 Forging
24:42 Gambesons
Connection lost

Rejoining the realm…

Still unreachable

The connection could not be restored.

Session expired

The server has moved on; the page needs a fresh start.